 Dungeon Crawl Stone Soup version 0.24.1-14-gf8d2b509d9 (webtiles) character file.

Game seed: 6840258352220644671, levelgen mode: deterministic

13002 Delver the Archer (level 11, -3/92 HPs)
             Began as a Centaur Arcane Marksman on May 28, 2020.
             Was an Elder of Sif Muna.
             Killed from afar by a gargoyle (26 damage)
             ... with a stone arrow
             ... in a volcano on May 29, 2020.
             The game lasted 05:57:57 (13681 turns).

Delver the Archer (Centaur Arcane Marksman)        Turns: 13681, Time: 05:57:57

Health: -3/92      AC:  9    Str: 12    XL:     11   Next: 69%
Magic:  6/19       EV: 12    Int: 13    God:    Sif Muna [****..]
Gold:   347        SH:  0    Dex: 13    Spells: 4/21 levels left

rFire    . . .     SeeInvis .   p - +4 halberd (chop)
rCold    . . .     Gourm    .   (shield currently unavailable)
rNeg     . . .     Faith    .   r - +1 ring mail
rPois    +         Spirit   .   O - +1 hat
rElec    .         Reflect  .   G - +0 cloak
rCorr    .         Harm     .   U - +0 pair of gloves
MR       .....                  (no barding)
Stlth    +.........             (no amulet)
HPRegen  0.25/turn              S - ring of poison resistance
MPRegen  0.16/turn              F - +3 ring of evasion

@: very slightly contaminated, very quick
A: large, hooves 3, deformed body, speed 2, tough skin 3
a: Channel Magic, Forget Spell, Divine Exegesis, Renounce Religion


You were in a volcano.
You worshipped Sif Muna.
Sif Muna was greatly pleased with you.
You were not hungry.

You visited 3 branches of the dungeon, and saw 12 of its levels.
You also visited: Sewer and Volcano.

You collected 762 gold pieces.
You spent 415 gold pieces at shops.

Inventory:

Hand Weapons
 a - a +2 shortbow
 h - a +2 mace of distortion
 j - a +0 dagger of venom
 p - a +4 halberd of chopping (weapon)
 M - a +0 trident of venom
 N - a +2 hand axe of freezing
 P - the +7 pair of quick blades "Gyre" and "Gimble" {protect}
   (You found it on level 4 of the Dungeon)

   It grants its wielder temporary protection when it strikes (+7 to AC).
 T - a +0 dagger of electrocution
Missiles
 b - 16 poisoned darts
 d - 176 arrows
 A - 21 boomerangs (quivered)
 Z - 7 javelins
Armour
 c - a +0 plate armour
 n - a +0 robe
 r - a +1 ring mail (worn)
 u - the +4 robe of Vaumeb {rF- rC+ rN+++ Regen+}
   (You found it on level 5 of the Dungeon)

   It makes you vulnerable to fire.
   It protects you from cold.
   It renders you almost immune to negative energy.
   It increases your rate of regeneration.
 w - a cursed +0 pair of boots
 G - a +0 cloak (worn)
 J - a +0 cloak
 O - a +1 hat (worn)
 U - a +0 pair of gloves (worn)
 Y - a +0 leather armour of magic resistance
Jewellery
 i - a +4 ring of intelligence
 v - an uncursed ring of positive energy
 B - an uncursed ring of protection from magic
 E - an uncursed ring of flight
 F - a +3 ring of evasion (right hand)
 S - a ring of poison resistance (left hand)
Wands
 C - a wand of flame (17)
 V - a wand of random effects (19)
Scrolls
 l - 4 scrolls of remove curse
 m - 7 scrolls of teleportation
 s - 9 scrolls of identify
 t - a scroll of immolation
 x - 2 scrolls of holy word
 y - 2 scrolls of enchant weapon
 H - a scroll of summoning
 L - a scroll of magic mapping
Potions
 e - 2 potions of curing
 g - a potion of magic
 k - 3 potions of ambrosia
 o - 5 potions of haste
 q - 3 potions of lignification
 z - a potion of brilliance
 R - a potion of cancellation
 W - 2 potions of flight
 X - 2 potions of invisibility
Comestibles
 f - 12 rations


   Skills:
 - Level 7.2 Fighting
 * Level 6.5 Short Blades
 * Level 1.3(1.6) Axes
 + Level 1.2(1.5) Maces & Flails
   Level 2.0(3.7) Slings
 + Level 13.1 Bows
 + Level 4.8(5.0) Throwing
 + Level 1.4 Armour
 + Level 3.0 Dodging
 + Level 2.2 Stealth
 + Level 5.9 Spellcasting
 + Level 4.0 Hexes
 * Level 3.2 Summonings
 + Level 1.0 Translocations


You had 4 spell levels left.
You knew the following spells:

 Your Spells              Type           Power        Failure   Level  Hunger
a - Cause Fear            Hex            ##........   56%         4    ####...
b - Slow                  Hex            ##......     11%         2    ##.....
c - Portal Projectile     Hex/Tloc       ##....       36%         3    ###....
d - Blink                 Tloc           N/A          36%         2    ##.....
e - Inner Flame           Hex/Fire       #.......     43%         3    ###....
f - Summon Butterflies    Summ           ##......     10%         1    None
g - Call Imp              Summ           ##......     16%         2    ##.....

Your spell library contained the following spells:

 Spells                   Type           Power        Failure   Level  Hunger
 Corona                   Hex            ##.....      7%          1    None
 Call Canine Familiar     Summ           ##......     30%         3    ###....
 Magic Dart               Conj           #...         36%         1    None
 Conjure Flame            Conj/Fire      #.......     73%         3    ###....
 Mephitic Cloud           Conj/Pois/Air  #.......     75%         3    ###....
 Leda's Liquefaction      Hex/Erth       #.........   85%         4    ####...
 Summon Ice Beast         Ice/Summ       #.......     88%         4    ####...
 Summon Mana Viper        Hex/Summ       ##......     93%         5    ######.
 Summon Hydra             Summ           ##........   100%        7    #######


Dungeon Overview and Level Annotations

Branches:
Dungeon (9/15)             Temple (1/1) D:4            Lair (2/6) D:9
  Snake (0/4) Lair:2        Sewer (visited)         Volcano (1/1)
  Swamp: Lair:2-4    Shoals: Lair:2-4       Orc: D:9-12

Altars:
Ashenzari
Cheibriados
Dithmenos
Elyvilon
Fedhas
Gozag
Makhleb
Okawaru
Qazlal
Ru
Sif Muna
Trog
Uskayaw
Wu Jian
Xom
Yredelemnul
Zin
The Shining One

Shops:
D:4 (   D:5 ?   D:6 [=:


Innate Abilities, Weirdness & Mutations

You have hooves in place of feet.
Armour fits poorly on your strangely shaped body.
You cover ground very quickly.
You have extremely tough skin. (AC +3)


Message History

You hit the gargoyle but do no damage.
You kick the gargoyle, but do no damage.
The spriggan skeleton hits you! The gargoyle hits you with a +0 flail!
Throwing (i - inventory. (/) - cycle)
A - 21 boomerangs (quivered)
Press: ? - help, Shift-Dir - straight line, f - spriggan skeleton, p - gargoyle
Aim: a spriggan skeleton (lightly damaged)
You throw a boomerang.
The boomerang hits the spriggan skeleton but does no damage.
The spriggan skeleton is lightly damaged.
The spriggan skeleton hits you.
You barely miss the spriggan skeleton. You kick the spriggan skeleton.
The spriggan skeleton is lightly damaged.
The air gets thick with the scent of sulphur.
The spriggan skeleton hits you! The gargoyle hits you with a +0 flail!
* * * LOW HITPOINT WARNING * * *
The gargoyle hurls a stone arrow at you.
The stone arrow misses you.
The gargoyle hurls a stone arrow at you.
The stone arrow hits you!!
You die...

###≈≈≈≈§≈≈§§§≈§ 8○°§§§≈≈§≈≈≈
##.#..≈≈§≈§§≈§≈≈§≈≈≈§§§§§≈≈§§≈≈≈
##.≈....§≈§§§≈§§§≈≈≈§§≈≈§≈≈≈≈≈≈≈≈
(.....≈≈§§§≈§≈§≈≈§§§§≈§°°°°°°≈≈.≈
##.≈....§≈§§§≈≈≈≈≈§≈≈≈≈§≈≈≈≈.....
##........≈§≈≈≈≈§§§§≈§≈°≈.......
#####......≈≈≈≈≈§§≈§≈≈§....∩.∩.
###....9..≈§≈§≈≈§≈..°......
##....Z.@§.§≈≈§...°.....#
####9............°...###
##...###........###
####......#..### ####.###### ###


You could see 2 gargoyles and a spriggan skeleton.

Vanquished Creatures
  Harold (D:8)
  A hydra (Lair:1)
  A wolf spider (D:9)
  2 black mambas (Lair:1)
  4 spiny frogs
  3 komodo dragons
  3 polar bears (D:9)
  A hornet (D:8)
  Grinder (D:6)
  3 blink frogs
  A hippogriff (D:7)
  2 flying skulls (Volcano)
  5 yaks (D:9)
  A wyvern (D:8)
  3 nagas (Lair:2)
  2 hell hounds (Lair:2)
  A porcupine (Lair:1)
  3 water moccasins
  3 sky beasts
  An orc warrior (D:9)
  3 ice beasts
  A phantom (D:9)
  2 ogres
  2 black bears
  5 wolves (Lair:2)
  4 centaurs
  3 crocodiles
  6 bullfrogs
  A scorpion (D:6)
  3 killer bees (D:9)
  2 electric eels (D:7)
  3 centaur zombies
  6 crimson imps
  2 quasits
  5 hounds
  2 jellies (D:6)
  7 orc priests
  A bullfrog skeleton (D:9)
  14 orc wizards
  6 worker ants
  Natasha (D:2)
  4 iguanas
  A naga skeleton (Volcano)
  2 hound zombies
  16 gnolls
  21 adders
  4 shadow imps
  4 oozes (Sewer)
  2 adder skeletons
  An adder zombie (D:5)
  10 worms
  5 dart slugs
  6 leopard geckos
  51 orcs
  14 bats
  15 giant cockroaches
  6 goblins
  6 hobgoblins
  12 jackals
  7 kobolds
  3 quokkas
  7 ball pythons
  5 frilled lizards
  A quokka skeleton (D:8)
  A quokka zombie (D:9)
  8 rats
333 creatures vanquished.

Vanquished Creatures (collateral kills)
  A polar bear (D:9)
  A wolf (Lair:2)
  A gnoll (D:9)
  A fungus (Lair:2)
4 creatures vanquished.

Vanquished Creatures (others)
  A flying skull (Volcano)
  A fungus (Lair:1)
  2 plants (Lair:1)
4 creatures vanquished.

Grand Total: 341 creatures vanquished

Notes
Turn   | Place    | Note
-------+----------+-------------------------------------------
     0 | D:1      | Delver the Centaur Arcane Marksman began the quest for the
                  | Orb.
     0 | D:1      | Reached XP level 1. HP: 16/16 MP: 2/2
   201 | D:1      | Reached skill level 3 in Bows
   201 | D:1      | Reached XP level 2. HP: 17/23 MP: 3/3
  1039 | D:2      | Reached XP level 3. HP: 28/28 MP: 4/4
  1096 | D:2      | Found a shimmering blue altar of Sif Muna.
  1099 | D:2      | Became a worshipper of Sif Muna the Loreminder
  1374 | D:2      | Learned a level 2 spell: Slow
  1450 | D:2      | Found a sacrificial altar of Ru.
  1464 | D:2      | Reached skill level 1 in Throwing
  1540 | D:2      | Reached skill level 4 in Bows
  1709 | D:2      | Noticed Natasha
  1745 | D:2      | Killed Natasha
  1745 | D:2      | Reached XP level 4. HP: 29/35 MP: 5/5
  2135 | D:3      | Reached skill level 1 in Maces & Flails
  2152 | D:3      | Reached * piety under Sif Muna
  2472 | D:3      | Reached XP level 5. HP: 30/40 MP: 6/6
  2640 | D:3      | Found a shattered altar of Ashenzari.
  3005 | D:3      | Reached skill level 1 in Axes
  3103 | D:3      | Reached skill level 1 in Slings
  3320 | D:3      | Found a glowing silver altar of Zin.
  3400 | D:3      | Found an ornate altar of the Wu Jian Council.
  3405 | D:3      | Learned a level 3 spell: Portal Projectile
  3520 | D:3      | Reached ** piety under Sif Muna
  3581 | D:3      | Found a shimmering altar of Xom.
  3682 | D:4      | Reached XP level 6. HP: 48/48 MP: 7/7
  3689 | D:4      | Reached skill level 1 in Armour
  3969 | D:4      | Found Jutzumui's Weapon Shoppe.
  3974 | D:4      | Found the +7 pair of quick blades "Gyre" and "Gimble"
                  | {protect}
  4090 | D:4      | Reached skill level 5 in Bows
  4097 | D:4      | Found a staircase to the Ecumenical Temple.
  4648 | Temple   | Entered the Ecumenical Temple
  4901 | D:5      | Entered Level 5 of the Dungeon
  4944 | D:5      | Noticed a sky beast
  4960 | D:5      | Killed a sky beast
  4960 | D:5      | Reached skill level 1 in Short Blades
  4960 | D:5      | Reached XP level 7. HP: 37/56 MP: 8/8
  5021 | D:5      | Found a glowing drain.
  5041 | Sewer    | Entered a sewer
  5363 | Sewer    | Reached *** piety under Sif Muna
  5363 | Sewer    | Reached skill level 6 in Bows
  5731 | D:5      | Found Qaedaw Supt's Magic Scroll Shoppe.
  5779 | D:5      | Bought a scroll of enchant armour for 90 gold pieces
  5779 | D:5      | Bought a scroll of identify for 24 gold pieces
  5779 | D:5      | Bought a scroll of identify for 24 gold pieces
  5779 | D:5      | Bought a scroll of remove curse for 36 gold pieces
  5779 | D:5      | Bought a scroll of identify for 24 gold pieces
  5944 | D:5      | Reached XP level 8. HP: 39/62 MP: 8/10
  6206 | D:5      | Got a slimy robe
  6223 | D:5      | Identified the +4 robe of Vaumeb {rF- rC+ rN+++ Regen+}
                  | (You found it on level 5 of the Dungeon)
  6563 | D:6      | Reached skill level 7 in Bows
  6622 | D:6      | Noticed Grinder
  6636 | D:6      | Paralysed by Grinder for 4 turns
  6646 | D:6      | Killed Grinder
  6754 | D:6      | Reached skill level 8 in Bows
  6788 | D:6      | Learned a level 2 spell: Blink
  6810 | D:6      | Found a blossoming altar of Fedhas.
  6993 | D:6      | Reached skill level 1 in Stealth
  7068 | D:6      | Found Kiexid's Antique Armour Shop.
  7101 | D:6      | Reached skill level 9 in Bows
  7118 | D:6      | Found a shadowy altar of Dithmenos.
  7223 | D:6      | Reached **** piety under Sif Muna
  7288 | D:6      | Reached XP level 9. HP: 69/71 MP: 13/13
  7309 | D:6      | Found Uniad's Book Shop.
  7343 | D:6      | Found Qadadghu's Jewellery Shoppe.
  7832 | D:6      | Bought a pair of embroidered gloves for 217 gold pieces
  7898 | D:7      | Found a transporter.
  7999 | D:7      | Learned a level 3 spell: Inner Flame
  8333 | D:7      | Found a transporter.
  8516 | D:7      | Reached skill level 10 in Bows
  8954 | D:8      | Learned a level 4 spell: Cause Fear
  9084 | D:8      | Paralysed by a hornet for 2 turns
  9088 | D:8      | Reached skill level 5 in Short Blades
  9144 | D:8      | Noticed Harold
  9162 | D:8      | Killed Harold
  9162 | D:8      | Reached XP level 10. HP: 59/80 MP: 7/16
  9214 | D:8      | Reached skill level 5 in Fighting
  9413 | D:8      | Found a shattered altar of Ashenzari.
  9897 | D:9      | Reached skill level 11 in Bows
 10172 | D:9      | Reached ***** piety under Sif Muna
 10193 | D:9      | Received a gift from Sif Muna
 10197 | D:9      | Learned a level 1 spell: Summon Butterflies
 10200 | D:9      | Learned a level 2 spell: Call Imp
 10287 | D:9      | Found a glowing golden altar of the Shining One.
 10554 | D:9      | Found a staircase to the Lair.
 10558 | Lair:1   | Entered Level 1 of the Lair of Beasts
 10573 | Lair:1   | Noticed a wolf spider
 10742 | D:9      | Reached skill level 12 in Bows
 10863 | D:9      | Killed a wolf spider
 10863 | D:9      | Reached skill level 5 in Spellcasting
 11039 | Lair:1   | Noticed a spiny frog
 11085 | D:9      | Killed a spiny frog
 11119 | Lair:1   | Noticed a spiny frog
 11130 | D:9      | Reached XP level 11. HP: 44/89 MP: 18/18
 11705 | D:8      | Reached skill level 1 in Summonings
 13001 | Lair:2   | Noticed a four-headed hydra
 13146 | Lair:1   | Killed a four-headed hydra
 13146 | Lair:1   | Reached skill level 1 in Translocations
 13240 | Lair:2   | Found a staircase to the Snake Pit.
 13286 | Lair:2   | Reached skill level 13 in Bows
 13460 | Lair:2   | Found a dark tunnel.
 13560 | Volcano  | Entered a volcano
 13681 | Volcano  | Killed from afar by a gargoyle

Levels and vault maps discovered:
D:1:      elethiomel_arrival_maze, layout_basic
D:2:      layout_loops_ring, nicolae_ru_path_of_blood, lemuel_blue_sif_altar,
          uniq_natasha
D:3:      minmay_roachtagon, layout_basic, zin_scriptorium,
          lemuel_coloured_pillars_altar, lemuel_round_altar, first_ration,
          evilmike_ruin_ashenzari
D:4:      layout_cave_pools, minmay_temple_entry_waves, serial_shops, shop
D:5:      layout_layer_cave, cheibrodos_sewer_entry_drain, serial_shops,
          nicolae_shop_waterfront
D:6:      layout_layer_cave, nicolae_dithmenos_the_darkroom, serial_shops, shop,
          nicolae_shop_crystal, shop, fedhas_bush_and_centaur_altar,
          uniq_grinder
D:7:      gammafunk_steamed_eel, layout_basic
D:8:      layout_basic, lemuel_doored_altar, uniq_harold
D:9:      layout_rooms, nicolae_overflow_crystal_walls, lair_entry_dummy
Temple:   eino_narrow_crystal_temple
Lair:1:   minmay_lair_venomous_thicket, layout_long_grid,
          cheibrodos_lair_lostbears, serial_bayou_shore_b, lemuel_fruit_tree
Lair:2:   layout_misc_corridors, minmay_shoals_entry_beasts,
          guppyfry_snake_entry_island, enter_volcano_3
Volcano:  volcano_tomb [vts_chambers]

Skill      XL: |  1  2  3  4  5  6  7  8  9 10 11 |
---------------+----------------------------------+-----
Hexes          | 3 4 |  4.0
Bows           | 3 4 5 6 9 10 12 13 | 13.1
Throwing       | 1 2 4 |  4.8
Maces & Flails | 1 |  1.2
Axes           | 1 |  1.3
Slings         | 2 |  2.0
Armour         | 1 |  1.4
Fighting       | 2 3 4 6 7 |  7.2
Short Blades   | 1 3 4 5 6 |  6.5
Dodging        | 2 3 |  3.0
Spellcasting   | 2 4 5 |  5.9
Stealth        | 1 2 |  2.2
Summonings     | 3 |  3.2
Translocations | 1 |  1.0

Action                   |  1- 3 |  4- 6 |  7- 9 | 10-12 || total
-------------------------+-------+-------+-------+-------++-------
Melee: Club              |    95 |    43 |       |       ||   138
       Kick              |    10 |    33 |    39 |    73 ||   155
       Hand axe          |       |    79 |       |    12 ||    91
       Flail             |       |    11 |       |       ||    11
       Pair of quick bla |       |    28 |   178 |   266 ||   472
       Shortbow          |       |     1 |     4 |       ||     5
       Trident           |       |       |       |     2 ||     2
       Halberd           |       |       |       |     2 ||     2
 Fire: Shortbow          |    57 |    94 |   178 |   308 ||   637
       Hunting sling     |       |    12 |       |       ||    12
Throw: Stone             |    68 |    45 |       |       ||   113
       Boomerang         |       |    47 |    21 |    17 ||    85
       Dart              |       |       |     4 |     9 ||    13
       Throwing net      |       |       |     3 |     6 ||     9
       Javelin           |       |       |       |     8 ||     8
 Cast: Slow              |       |     5 |     4 |     2 ||    11
       Blink             |       |       |     2 |     2 ||     4
       Portal Projectile |       |       |     1 |    11 ||    12
       Call Imp          |       |       |       |    34 ||    34
       Summon Butterflie |       |       |       |     2 ||     2
       Inner Flame       |       |       |       |     1 ||     1
Evoke: Wand              |       |       |       |     2 ||     2
  Use: Scroll            |     8 |     3 |     9 |     2 ||    22
       Potion            |     5 |     2 |     4 |     1 ||    12
 Stab: Sleeping          |     1 |       |       |       ||     1
       Held in net/web   |       |       |     1 |     3 ||     4
       Distracted        |       |       |       |     1 ||     1
  Eat: Chunk             |     1 |     4 |     8 |     2 ||    15
       Ration            |       |     2 |     1 |     3 ||     6
Armor: Robe              |    20 |       |    23 |    90 ||   133
       Ring mail         |    30 |    91 |    18 |     2 ||   141
Dodge: Dodged            |    68 |    90 |    47 |   137 ||   342
